[Event "Bangabandhu Premier Div League 2023-24"]
[Site "Dhaka"]
[Date "2024.02.09"]
[Round "9.4"]
[White "Subrota, Biswas"]
[Black "Narayanan, Srinath"]
[Result "1/2-1/2"]
[ECO "C60"]
[WhiteElo "2223"]
[BlackElo "2552"]
[Annotator "TA"]
[PlyCount "104"]
[EventDate "2024.02.01"]
[EventCountry "BAN"]
[SourceTitle "playchess.com"]
[Source "ChessBase"]
[SourceQuality "1"]
[TimeControl "40/5400+30:1800+30"]

1. e4 e5 2. Nf3 Nc6 3. Bb5 Nge7 4. O-O Ng6 5. d4 exd4 6. Nxd4 Bc5 7. Be3 Bxd4 8. Bxd4 Nxd4 9. Qxd4 {[%emt 0:00:28] White is slightly better.} Qg5 {[%emt 0:00:08] [#] ...Nh4 would now be deadly.} 10. Qd5 Qe7 (10... h6 {seems wilder.} 11. Bc4 O-O 12. Nc3 d6) 11. Qd2 O-O 12. Nc3 d6 13. f4 {[%emt 1:14:04][%cal Bf2f4,Bf4e5,Be5e6][%mdl 32] f5 is the strong threat.} f5 14. Rae1 Qd8 15. Bc4+ (15. exf5 $16 Bxf5 16. Qd5+ Kh8 17. Qxb7) 15... Kh8 $14 16. e5 dxe5 17. Qxd8 Rxd8 18. fxe5 c6 {[%emt 0:00:25] Against Nb5} 19. e6 Ne7 20. Rd1 Re8 21. a4 g6 22. b4 Kg7 23. g4 {[%emt 0:00:00] White has more active pieces.} b6 24. b5 Rb8 25. gxf5 Nxf5 (25... gxf5 $16 26. bxc6 Nxc6) 26. bxc6 $18 Bxe6 27. c7 Rbc8 (27... Bxc4 $16 28. cxb8=R (28. cxb8=Q Rxb8 29. Rd7+ Kh6 $18) 28... Rxb8) 28. Bxe6 Rxe6 29. Nb5 {[%emt 0:00:00][%cal Od1d8] aiming for Rd8!} Re7 30. Rd8 {[%emt 0:00:00] Repels Kh6} (30. Nxa7 Rcxc7 31. Nb5 Rxc2 $17) 30... Rexc7 31. Nxc7 Rxc7 $16 {[%emt 0:00:03][%mdl 4096] Endgame. KRR-KRN} 32. Rc1 Kf6 33. c4 h5 34. Kf2 Ke5 35. Kf3 Rc5 {[%emt 0:02:22] [#]} 36. Rd7 (36. Ke2 $1 $16) 36... Ra5 $14 37. Re1+ Kf6 38. Ra1 Ke6 {[%emt 0:00:11] Dodges Rd5} 39. Rc7 Nd4+ 40. Ke4 Nb3 41. Rg1 Nc5+ 42. Kd4 g5 43. Rc6+ ({Much weaker is} 43. Rxg5 $6 Nb3+ (43... Nxa4 $2 {loses.} 44. Rxa5 bxa5 45. Rxa7 $18) 44. Kc3 Rxg5 $11) ({Better is} 43. Rf1 $16) 43... Kf5 44. Re1 (44. h4 $14 gxh4 45. Rh6) 44... Rxa4 $11 45. h3 Nb3+ 46. Kc3 Na5 47. Rf1+ Ke5 48. Rg6 Ra3+ 49. Kb4 {[%emt 0:00:00][%mdl 1024] White has compensation.} Rb3+ 50. Ka4 Rg3 51. c5 Nc4 $2 (51... Nb3 $14) 52. c6 $18 {[%emt 0:00:30] Black must now prevent c7.} Kd5 {[%emt 0:00:00][%mdl 32768] Weighted Error Value: White=0.16 (very precise) /Black=0.30.  Loses game:     	---       	Black=1      Mistake:       	White=4     	Black=3      Inaccurate:     	White=3     	Black=7      OK:         	White=20    	Black=12     Best:        	White=3     	Black=6     . An unexpected result.} (52... Nd6 $142 53. Rc1 Ne8 54. Re1+ (54. c7 Nxc7 55. Rxc7 h4 $18) 54... Kf5) 1/2-1/2

[Event "Bangabandhu Premier Div League 2023-24"]
[Site "Dhaka"]
[Date "2024.02.09"]
[Round "9.4"]
[White "Anata, Choudhury"]
[Black "Asif, Mahmud"]
[Result "1-0"]
[ECO "B90"]
[WhiteElo "2196"]
[BlackElo "1906"]
[Annotator "NA RC"]
[PlyCount "49"]
[EventDate "2024.02.01"]
[EventCountry "BAN"]
[SourceTitle "playchess.com"]
[Source "ChessBase"]
[SourceQuality "1"]
[TimeControl "40/5400+30:1800+30"]

1. e4 c5 2. Nf3 d6 3. d4 cxd4 4. Nxd4 Nf6 5. Nc3 a6 6. h3 e5 7. Nf3 Be6 8. g4 Be7 9. g5 Nfd7 10. Be3 Qc7 11. Qd2 b5 12. O-O-O Nb6 13. Nh4 b4 14. Nd5 Bxd5 15. exd5 Nc4 16. Bxc4 Qxc4 17. Nf5 g6 18. b3 Qb5 19. Nxe7 Kxe7 20. f4 Rd8 21. fxe5 dxe5 22. Rhf1 f5 23. gxf6+ Kf7 24. Bb6 Rd7 25. Qh6 1-0

[Event "Bangabandhu Premier Div League 2023-24"]
[Site "Dhaka"]
[Date "2024.02.09"]
[Round "9.5"]
[White "Shawket Bin, Osman Shaon"]
[Black "Mohammad Minhaz Uddin"]
[Result "1-0"]
[ECO "E49"]
[WhiteElo "2030"]
[BlackElo "2224"]
[Annotator "RC"]
[PlyCount "95"]
[EventDate "2024.02.01"]
[EventCountry "BAN"]
[SourceTitle "playchess.com"]
[Source "ChessBase"]
[SourceQuality "1"]
[TimeControl "40/5400+30:1800+30"]

1. d4 Nf6 2. c4 e6 3. Nc3 Bb4 4. e3 O-O 5. Bd3 d5 6. a3 Bxc3+ 7. bxc3 dxc4 8. Bxc4 c5 9. Ne2 Nc6 10. O-O Qc7 11. Qc2 Rd8 12. f4 Na5 13. Bd3 c4 14. Be4 Nb3 15. Ra2 Nxe4 16. Qxe4 f5 17. Qc2 b6 18. Ng3 Bb7 19. e4 fxe4 20. Be3 Qc6 21. f5 Rf8 22. Qd1 exf5 23. Nxf5 Rfe8 24. Qg4 Qg6 25. Qf4 Bd5 26. Raf2 h6 27. Qh4 Re6 28. Ne7+ Rxe7 29. Qxe7 Na5 30. Rf8+ Rxf8 31. Rxf8+ Kh7 32. Qd8 Qe6 33. Rh8+ Kg6 34. Re8 Qf7 35. Qd6+ Kh7 36. Re7 Qh5 37. Rd7 Bc6 38. Rc7 Ba4 39. Qe7 Qg6 40. d5 Nb3 41. d6 Nc5 42. Bxc5 bxc5 43. h3 e3 44. d7 Qb1+ 45. Kh2 Qf5 46. Qxg7+ Kxg7 47. d8=Q+ Kg6 48. Qg8+ 1-0

[Event "Bangabandhu Premier Div League 2023-24"]
[Site "Dhaka"]
[Date "2024.02.09"]
[Round "9.5"]
[White "Nasim Hossain, Bhuiyan"]
[Black "Puranik, Abhimanyu"]
[Result "0-1"]
[ECO "A48"]
[WhiteElo "1812"]
[BlackElo "2645"]
[Annotator "TA"]
[PlyCount "94"]
[EventDate "2024.02.01"]
[EventCountry "BAN"]
[SourceTitle "playchess.com"]
[Source "ChessBase"]
[SourceQuality "1"]
[TimeControl "40/5400+30:1800+30"]

1. d4 Nf6 2. Nf3 g6 3. e3 Bg7 4. Bd3 d6 5. O-O O-O 6. b3 e5 7. dxe5 dxe5 {[%emt 0:01:17] [#] Hoping for ...e4.} 8. e4 Re8 {[%emt 0:01:35] The position is equal.} 9. Bb2 Nh5 10. Na3 a6 11. Nc4 Nc6 12. Ne3 Nd4 13. Re1 Nf4 14. Bf1 Qf6 {[%emt 0:01:00][%cal Of4h3] ...Nh3+! would now be deadly.} 15. Bxd4 exd4 16. e5 Qd8 17. Qxd4 Qxd4 18. Nxd4 Rxe5 ({But not} 18... Bxe5 19. Nc4 f6 20. Nxe5 fxe5 21. Ne2 $14) 19. c3 Bd7 20. Rad1 Rae8 21. g3 Nh3+ 22. Bxh3 Bxh3 23. Nf3 R5e7 $36 {[%emt 0:02:00][%mdl 2048] Black is more active.} 24. c4 h6 25. Re2 c6 26. Red2 Re4 27. Ne1 Bf8 {[%emt 0:00:00] Black is more active.} 28. Nd3 {[%emt 0:00:00] Black converts the advantage convincingly.} g5 29. c5 (29. Ne1 $142) 29... Rd8 $17 30. b4 {[%emt 0:00:00] [#]} (30. Rc2 $17 {is a better defense.}) 30... a5 $1 $19 31. a3 axb4 32. axb4 Bg7 33. Ne1 Rxd2 34. Rxd2 Rxb4 35. f3 Be6 36. g4 Bd4 37. N1c2 Rb1+ ({Not} 37... Bxc5 38. Rd8+ Kg7 39. Nxb4 Bxb4 (39... Bxe3+ 40. Kg2 $11) 40. Kf2 $17) 38. Kg2 Bxc5 {[%emt 0:03:00] This pair of bishops is nice. Black is clearly winning.} 39. Nd4 Bxd4 40. Rxd4 {[%emt 0:00:09][%mdl 4096] Endgame. KRB-KRN} b5 41. Rd6 c5 42. Nf1 Kf8 43. Ng3 Rb2+ 44. Kg1 b4 45. Rc6 Rc2 46. Ne4 b3 47. Nxc5 b2 {[%emt 0:00:00] Weighted Error Value: White=0.34/Black=0.05 (flawless) .  Mistake:       	White=2     	---        Inaccurate:     	White=4     	Black=1      OK:         	White=10    	Black=18     Best:        	White=1     	---} 0-1

[Event "Bangabandhu Premier Div League 2023-24"]
[Site "Dhaka"]
[Date "2024.02.09"]
[Round "9.6"]
[White "Ter-Sahakyan, Samvel"]
[Black "Mrittika Mallick"]
[Result "1-0"]
[ECO "D46"]
[WhiteElo "2649"]
[BlackElo "1859"]
[Annotator "TA"]
[PlyCount "71"]
[EventDate "2024.02.01"]
[EventCountry "BAN"]
[SourceTitle "playchess.com"]
[Source "ChessBase"]
[SourceQuality "1"]
[TimeControl "40/5400+30:1800+30"]

1. d4 d5 2. c4 c6 3. Nf3 Nf6 4. e3 e6 5. Bd3 Nbd7 6. O-O Bd6 7. Nbd2 O-O 8. e4 dxe4 9. Nxe4 Nxe4 10. Bxe4 Nf6 11. Bc2 Qc7 12. Bg5 {[%emt 0:02:22] [#] Qd3 is the strong threat.} Ne8 13. Qd3 g6 14. Rad1 f6 {White is better.} 15. Bh6 Ng7 16. Rfe1 Re8 ({Better is} 16... c5) 17. Qc3 Qf7 18. Bc1 {[%emt 0:03:23] White has more active pieces.} Bd7 19. Nd2 Rad8 20. Ne4 Bb8 21. Qf3 Nf5 {[%emt 0:00:00] A mistake that costs the game.} (21... Rf8 $16) 22. g4 $18 Ne7 (22... Kg7 {was worth a try.} 23. gxf5 exf5) 23. Qxf6 {[%emt 0:00:00] Black is weak on the dark squares} ({Resist} 23. Nxf6+ Kh8 24. Bh6 Rf8 $18) 23... Nc8 $2 (23... Qxf6 24. Nxf6+ Kg7 25. Nxe8+ Rxe8) 24. Bg5 Ne7 (24... Nd6 $142 25. Qxf7+ (25. Qxd8 Rxd8 26. Bxd8 Nxe4 $11) 25... Kxf7 26. Bxd8 Nxe4) 25. Rd3 {[%emt 0:03:00] White is clearly winning.} Qg7 26. Rh3 e5 27. Bh6 Qxf6 28. Nxf6+ Kf7 29. Rf3 (29. Nxh7 Bxg4 30. Rb3 Rxd4 $14) 29... Ke6 30. dxe5 Ng8 31. Bg5 Rf8 32. c5 {[%emt 0:00:00] [#] White threatens Bb3+ and mate.} Ne7 33. Bb3+ Nd5 34. Nxd5 cxd5 35. Rf6+ Rxf6 36. exf6+ {[%emt 0:02:30] Weighted Error Value: White=0.27 (precise) /Black=0.70.  Mistake:       	---       	Black=5      Inaccurate:     	White=2     	---        OK:         	White=4     	Black=4      Best:        	White=2     	---} 1-0

[Event "Bangabandhu Premier Div League 2023-24"]
[Site "Dhaka"]
[Date "2024.02.09"]
[Round "9.6"]
[White "Ahmed, Sheikh Nasir"]
[Black "Kushagra Mohan"]
[Result "1-0"]
[ECO "A20"]
[WhiteElo "2182"]
[BlackElo "2374"]
[Annotator "TA"]
[PlyCount "117"]
[EventDate "2024.02.01"]
[EventCountry "BAN"]
[SourceTitle "playchess.com"]
[Source "ChessBase"]
[SourceQuality "1"]
[TimeControl "40/5400+30:1800+30"]

1. c4 e5 2. g3 Nf6 3. Bg2 c6 4. d4 e4 5. d5 Bb4+ 6. Bd2 {[%emt 0:00:00] A20: English Opening: 1...e5.} Qe7 7. Nc3 O-O 8. Nh3 Bc5 9. Bg5 e3 $146 ({Predecessor:} 9... d6 10. Qb3 e3 11. f4 Bb6 12. Bxf6 Qxf6 13. Ng5 Bf5 14. O-O Re8 15. a4 Qe7 {1-0 Moran,R (1832)-Sadler,K (1805) NAPZ/WS/O/61 email 2015}) 10. Ne4 exf2+ 11. Nhxf2 Bxf2+ 12. Nxf2 cxd5 (12... h6 $1 $14 13. d6 Qe6) 13. O-O $16 (13. Bxd5 Qb4+ 14. Qd2 Nxd5 15. cxd5 Qxd2+ 16. Kxd2 d6 $14) 13... h6 14. Bxf6 Qxf6 15. Bxd5 (15. cxd5 $6 Qxb2 16. d6 Nc6 $11) 15... Qb6 (15... Qxb2 $142 16. Ne4 Nc6) 16. Qb3 $16 Qxb3 (16... d6 $16 {was worth a try.}) 17. axb3 $18 Nc6 18. Ne4 Nb4 19. Rad1 (19. Nd6 $18 Nxd5 20. cxd5) 19... Nxd5 $16 20. Rxd5 d6 21. Rxd6 Bg4 22. Nc3 Rfe8 23. Rf4 h5 24. Kf2 Re5 25. Rfd4 Rae8 26. Rd8 Rf5+ 27. Kg2 Rfe5 28. Rxe8+ Rxe8 29. Kf2 Re6 30. b4 Bh3 (30... a6 $142 31. c5 g5) 31. b5 $18 Rf6+ 32. Rf4 Rd6 33. Ke3 f6 34. Rd4 Re6+ 35. Re4 Kf7 36. Rxe6 Kxe6 37. Kd4 Bg2 38. e4 b6 (38... Bf3 $142 39. Nd5 Bd1) 39. b4 g5 40. Nd5 Bf1 41. c5 h4 42. gxh4 (42. cxb6 axb6 43. gxh4 (43. Nxb6 hxg3 44. hxg3 Bxb5 $18) 43... gxh4 44. Nxb6 Bxb5) 42... gxh4 43. Nf4+ (43. cxb6 axb6 44. Nxb6 Bxb5 $18) 43... Kd7 (43... Kf7 {might work better.} 44. c6 Ke7) 44. Ng6 $2 (44. cxb6 $18 {and the rest is easy.} axb6 45. Ng6) 44... Bxb5 $2 (44... bxc5+ $16 45. Kxc5 (45. bxc5 Bxb5 46. Nxh4 a5 $16) 45... Bg2) 45. cxb6 $18 ({Weaker is} 45. Nxh4 a5 $16) 45... axb6 46. Nxh4 Ke6 47. Nf5 Be2 48. h4 Kf7 49. Kd5 Bd3 50. Ng3 (50. Nd6+ $18 Kf8 51. Ke6) 50... Kg6 51. Kc6 b5 52. Kc5 Bc4 53. Kd6 Bd3 54. Ke6 Bc4+ 55. Ke7 Bb3 56. Nf5 (56. h5+ $142 Kg5 57. Nf5 Kxh5 58. Kxf6 Kg4 59. e5 Kf4 60. e6 Bd5 61. Nd4) 56... Bc2 57. Nd6 (57. h5+ $142 Kxh5 58. Kxf6 Bb3 59. e5 Kg4 60. e6 Bxe6 61. Kxe6 Kg5 62. Nd4) 57... Bd3 58. h5+ Kxh5 59. Kxf6 1-0

[Event "Bangabandhu Premier Div League 2023-24"]
[Site "Dhaka"]
[Date "2024.02.09"]
[Round "9.7"]
[White "Tanvir, Alam"]
[Black "Rahman, Ziaur"]
[Result "0-1"]
[ECO "B06"]
[WhiteElo "1836"]
[BlackElo "2428"]
[Annotator "TA"]
[PlyCount "66"]
[EventDate "2024.02.01"]
[EventCountry "BAN"]
[SourceTitle "playchess.com"]
[Source "ChessBase"]
[SourceQuality "1"]
[TimeControl "40/5400+30:1800+30"]

1. d4 d6 2. g3 g6 3. Bg2 Bg7 4. e4 c5 5. dxc5 Qa5+ 6. c3 Qxc5 7. Ne2 Nf6 8. O-O Nbd7 9. Na3 {[%emt 0:04:02] White is slightly better.} O-O 10. Be3 Qc7 11. Nb5 Qb8 12. h3 a6 13. Nbd4 Nc5 14. Qc2 Bd7 15. f4 Rc8 (15... Qc8 $11) 16. Rae1 a5 17. g4 a4 18. Ng3 ({White should play} 18. g5 $11 Nh5 19. b4) 18... e5 $15 19. Nf3 {[%emt 0:00:30] Black continues to play with concentration.} (19. Nde2 $15) 19... exf4 $17 20. Bxf4 {[%emt 0:00:00] [#]} Bb5 $1 21. c4 Ne6 22. Nd2 Nxf4 23. Rxf4 Nd7 24. Qd3 (24. Ne2 $142) 24... Ne5 $19 25. Qf1 Be8 26. h4 b5 {[%emt 0:00:30][%cal Rb5c4] Black is clearly winning.} 27. b3 (27. Nf5 $142 gxf5 28. exf5) 27... axb3 28. axb3 Ra2 29. Nf3 Qa7+ 30. Kh2 Rf2 31. Qg1 Nd3 (31... bxc4 $2 32. Nxe5 Rxg2+ 33. Kxg2 $19) 32. Re2 Rxg2+ (32... Nxf4 $2 33. Qxf2 Qd7 34. Ra2 $19) 33. Rxg2 Qxg1+ {[%emt 0:00:00] Weighted Error Value: White=0.50/Black=0.12 (very precise) .  Mistake:       	White=4     	Black=1      Inaccurate:     	White=4     	Black=2      OK:         	White=5     	Black=11     Best:        	---       	Black=1      Strong:       	---       	Black=1} 0-1

[Event "Bangabandhu Premier Div League 2023-24"]
[Site "Dhaka"]
[Date "2024.02.09"]
[Round "9.8"]
[White "Manon, Reja Neer"]
[Black "Suvradeepta, Das"]
[Result "1-0"]
[ECO "B09"]
[WhiteElo "2169"]
[BlackElo "2141"]
[Annotator "NA RC"]
[PlyCount "39"]
[EventDate "2024.02.01"]
[EventCountry "BAN"]
[SourceTitle "playchess.com"]
[Source "ChessBase"]
[SourceQuality "1"]
[TimeControl "40/5400+30:1800+30"]

1. e4 d6 2. d4 Nf6 3. Nc3 g6 4. f4 Bg7 5. Nf3 O-O 6. Bd3 c5 7. dxc5 dxc5 8. e5 Nd5 9. Nxd5 Qxd5 10. Qe2 Nc6 11. Be4 Qd8 12. Be3 Qc7 13. Qb5 f6 14. exf6 Bxf6 15. c3 e5 16. fxe5 Be7 17. Bh6 Rf7 18. Bd5 Nxe5 19. Qe8+ Bf8 20. Qxf8# 1-0

[Event "Bangabandhu Premier Div League 2023-24"]
[Site "Dhaka"]
[Date "2024.02.09"]
[Round "9.8"]
[White "Sakline Mostafa, Sajid"]
[Black "Diya Chowdhury"]
[Result "1/2-1/2"]
[ECO "E14"]
[WhiteElo "2110"]
[BlackElo "1881"]
[Annotator "NA RC"]
[PlyCount "80"]
[EventDate "2024.02.01"]
[EventCountry "BAN"]
[SourceTitle "playchess.com"]
[Source "ChessBase"]
[SourceQuality "1"]
[TimeControl "40/5400+30:1800+30"]

1. d4 Nf6 2. c4 e6 3. Nf3 Bb4+ 4. Nbd2 b6 5. a3 Bxd2+ 6. Qxd2 Bb7 7. e3 O-O 8. Be2 d6 9. O-O Nbd7 10. b4 Ne4 11. Qc2 f5 12. Bb2 Qe7 13. Rfd1 Ndf6 14. c5 Bd5 15. Ne1 Ng4 16. Nd3 Nexf2 17. Nxf2 Nxe3 18. Qc3 Qg5 19. g3 f4 20. Nh3 Qf5 21. Nxf4 Qe4 22. Qd3 Qh1+ 23. Kf2 Nxd1+ 24. Rxd1 Qxh2+ 25. Ke1 g5 26. Nxd5 exd5 27. Kd2 Rae8 28. Re1 Rf2 29. cxd6 cxd6 30. Qb5 Kf8 31. Qd3 Kg7 32. Kd1 Rg2 33. g4 Re4 34. Qb5 Rf2 35. Qd7+ Rf7 36. Qb5 Rf2 37. Qd7+ Rf7 38. Qb5 Rf2 39. Qd7+ Rf7 40. Qb5 Rf2 1/2-1/2

[Event "Bangabandhu Premier Div League 2023-24"]
[Site "Dhaka"]
[Date "2024.02.09"]
[Round "9.9"]
[White "Alekhya Mukhopadhyay"]
[Black "Swarnavo Choudhury"]
[Result "1/2-1/2"]
[ECO "B48"]
[WhiteElo "2184"]
[BlackElo "2056"]
[Annotator "NA RC"]
[PlyCount "87"]
[EventDate "2024.02.01"]
[EventCountry "BAN"]
[SourceTitle "playchess.com"]
[Source "ChessBase"]
[SourceQuality "1"]
[TimeControl "40/5400+30:1800+30"]

1. e4 c5 2. Nf3 e6 3. d4 cxd4 4. Nxd4 Nc6 5. Nc3 Qc7 6. Be3 a6 7. Qd2 Nf6 8. O-O-O Bb4 9. f3 Ne7 10. Kb1 d5 11. Ncb5 Qa5 12. Nc7+ Qxc7 13. Qxb4 e5 14. Nb3 d4 15. Bg5 h6 16. Bxf6 gxf6 17. c3 dxc3 18. Qxc3 Qxc3 19. bxc3 O-O 20. Rd6 Be6 21. Rb6 Rab8 22. Nc5 Rfc8 23. Nxe6 fxe6 24. Rxe6 Kf7 25. Rb6 Rxc3 26. Be2 Rc6 27. Rb4 b5 28. Rd1 Rc7 29. Rb2 Rbc8 30. g3 Nc6 31. f4 Ke7 32. Bg4 Rg8 33. Bh3 Nd4 34. Rf2 Rf8 35. Rdf1 Kd6 36. fxe5+ Kxe5 37. Rf4 Rc4 38. Rh4 Rb4+ 39. Kc1 Rd8 40. Re1 Rc4+ 41. Kb1 Rb4+ 42. Kc1 Rc4+ 43. Kb1 Rb4+ 44. Kc1 1/2-1/2

[Event "Bangabandhu Premier Div League 2023-24"]
[Site "Dhaka"]
[Date "2024.02.09"]
[Round "9.10"]
[White "Sanket Chakravarty"]
[Black "Ankit Ray"]
[Result "1/2-1/2"]
[ECO "B44"]
[WhiteElo "2361"]
[BlackElo "1912"]
[Annotator "TA"]
[PlyCount "54"]
[EventDate "2024.02.01"]
[EventCountry "BAN"]
[SourceTitle "playchess.com"]
[Source "ChessBase"]
[SourceQuality "1"]
[TimeControl "40/5400+30:1800+30"]

1. e4 c5 2. Nf3 e6 3. d4 cxd4 4. Nxd4 Nc6 5. Bf4 d6 6. Nxc6 bxc6 7. Bd3 e5 8. Be3 {[%emt 0:01:10] The position is equal.} Nf6 9. O-O Be7 10. c4 O-O 11. Nc3 Be6 12. b3 Qd7 13. f3 Ne8 14. Qd2 f5 15. exf5 Bxf5 16. Rad1 Nc7 17. Bxf5 Qxf5 18. Ne4 Rfd8 19. Qa5 Qc8 20. Nc3 {[%emt 0:00:00] White has more active pieces.} (20. Bxa7 $2 {perishes.} Ne6 (20... Qb7 $2 21. Kh1 $19) 21. Kh1 Qb7 $19) 20... Qb7 21. Bf2 d5 22. c5 ({Better is} 22. a3 $11) 22... Bf6 23. Rfe1 Re8 24. Bg3 Kh8 25. Kh1 Kg8 26. Kg1 $1 Kh8 27. Kh1 Kg8 {[%emt 0:00:00] Weighted Error Value: White=0.14 (very precise) /Black=0.15 (very precise) .  Mistake:       	White=1     	Black=1      Inaccurate:     	White=3     	Black=4      OK:         	White=6     	Black=4      Best:        	White=1     	---        Strong:       	White=1     	---} (27... Rac8 $15) 1/2-1/2

[Event "Bangabandhu Premier Div League 2023-24"]
[Site "Dhaka"]
[Date "2024.02.09"]
[Round "9.11"]
[White "Tashriq Saihan, Shan"]
[Black "Rabby, Salim"]
[Result "1-0"]
[ECO "C54"]
[WhiteElo "1772"]
[BlackElo "1931"]
[Annotator "NA RC"]
[PlyCount "71"]
[EventDate "2024.02.01"]
[EventCountry "BAN"]
[SourceTitle "playchess.com"]
[Source "ChessBase"]
[SourceQuality "1"]
[TimeControl "40/5400+30:1800+30"]

1. e4 Nc6 2. Nf3 e5 3. Bc4 Bc5 4. d3 Nf6 5. Bg5 h6 6. Bh4 g5 7. Bg3 d6 8. c3 Bb6 9. a4 a6 10. Nbd2 O-O 11. O-O Nh5 12. Nxe5 Nxg3 13. Nxc6 bxc6 14. hxg3 d5 15. Bb3 Be6 16. a5 Ba7 17. Ba4 Rb8 18. Qc2 dxe4 19. dxe4 Qd6 20. Kh1 Rfd8 21. Nf3 Bg4 22. Rad1 Qg6 23. Kg1 Re8 24. Rfe1 Qh5 25. Rd3 Re6 26. Nd4 Rf6 27. e5 Re8 28. Qd2 Bxd4 29. exf6 Rxe1+ 30. Qxe1 Bxf6 31. Qe4 Be2 32. Rd2 c5 33. Rxe2 Kg7 34. g4 Qh4 35. g3 Qh3 36. Bd7 1-0

[Event "Bangabandhu Premier Div League 2023-24"]
[Site "Dhaka"]
[Date "2024.02.09"]
[Round "9.12"]
[White "Arpan Das"]
[Black "Muhimenul, Islam"]
[Result "1-0"]
[ECO "C06"]
[WhiteElo "2367"]
[BlackElo "1970"]
[Annotator "TA"]
[PlyCount "103"]
[EventDate "2024.02.01"]
[EventCountry "BAN"]
[SourceTitle "playchess.com"]
[Source "ChessBase"]
[SourceQuality "1"]
[TimeControl "40/5400+30:1800+30"]

1. e4 e6 2. d4 d5 3. Nd2 Nf6 4. e5 Nfd7 5. Bd3 c5 6. c3 Nc6 7. Ne2 Qb6 8. Nf3 a5 9. O-O Be7 10. a3 a4 {[%emt 0:01:50] White is better.} 11. Bc2 Qb5 12. Ng3 g6 {[%emt 0:03:00] Inhibits Nh5.} 13. Rb1 c4 (13... h6 $16 {keeps fighting.}) 14. Bh6 $18 Qa5 15. Qd2 Bf8 16. Bxf8 Nxf8 17. Qh6 Rg8 {[%emt 0:00:30] Prevents Qg7} 18. Ng5 Qd8 19. Rfe1 (19. Nxh7 Rh8 $11) 19... f5 (19... Ne7 $142 20. Nxh7 Nxh7) 20. exf6 $1 (20. Nxh7 Rh8 $14) 20... Qxf6 21. Nh5 {[%emt 0:00:59] Dodges Qg7} (21. Nxh7 Qh8 $16) 21... Qe7 22. Nf4 {[%emt 0:00:18] Black must now prevent Nxd5.} Ra5 23. Bd1 Qf6 {[%emt 0:00:00] [#]} 24. g3 {[%emt 0:00:00][%cal Od1g4] Strongly threatening Bg4!} (24. Nxh7 Qh8 25. Bf3 Ne7 $11 (25... Nxh7 26. Nxe6 Nf6 27. Qf4 $16) (25... Qxh7 26. Qxh7 Nxh7 27. Bxd5 $14)) 24... Ne7 (24... Nd8 $142 25. Bg4 (25. Nxh7 Qh8 $16) 25... Nf7 26. Nxf7 (26. Nxh7 Qh8 $11) 26... Kxf7) 25. Bg4 (25. Nxh7 $2 Nxh7 26. Bg4 (26. Qxh7 $2 Rh8 $19) 26... Ra6 $19) 25... Ra6 26. Re5 {[%emt 0:00:30][%cal Ob1e1] Hoping for Rbe1!} (26. Nxh7 $2 Nxh7 (26... Qh8 27. Nxd5 Nxd5 28. Qg5 $15) 27. Qxh7 Rh8 $19) 26... Rd6 (26... Qg7 $142) 27. Rbe1 (27. Nxh7 Nxh7 (27... Qh8 28. Nxe6 Qxh7 29. Qe3 $11) 28. Rbe1 (28. Qxh7 Rh8 $19) 28... Nf8 $19) 27... Kd8 28. Nh5 (28. Nxh7 Nxh7 29. Nxe6+ (29. Qxh7 Rh8 $17) 29... Bxe6 30. Bxe6 (30. Rxe6 Rxe6 31. Rxe6 Nf5 $11) 30... Rf8 31. Qxh7 Qxf2+ 32. Kh1 Rxe6 (32... Qf3+ 33. Kg1 $11) 33. Rxe6 Qf3+ 34. Kg1 Qf2+ 35. Kh1 Qf3+ 36. Kg1 Qf2+ 37. Kh1 $11) 28... gxh5 29. Qxf6 hxg4 30. Nf7+ Kd7 31. Nxd6 Kxd6 32. Rg5 Nfg6 {[%emt 0:00:22] Inhibits Qf4+.} 33. Rxg4 Bd7 34. h4 Rf8 35. Qg7 Be8 36. h5 Rf7 37. Qh6 Nf8 38. Rg7 {[%emt 0:00:00] [#] Intending Rxf7 and mate.} Nf5 39. Qf4+ Kd7 40. Rxf7+ Bxf7 41. Qb8 Ke7 42. Qxb7+ Kf6 43. Qa8 Kg7 44. Qxa4 Bxh5 45. Qa7+ Kf6 46. a4 Bf3 47. a5 h5 48. Qb8 Ng6 49. Qd8+ Nfe7 50. Qd6 Bg4 51. a6 h4 52. a7 {[%emt 0:00:00] Black did not feel at home in the position after the opening.   Weighted Error Value: White=0.05 (flawless) /Black=0.39.  Mistake:       	---       	Black=4      Inaccurate:     	---       	Black=1      OK:         	White=11    	Black=6      Best:        	White=1     	---        Strong:       	White=1     	---} 1-0

[Event "Bangabandhu Premier Div League 2023-24"]
[Site "Dhaka"]
[Date "2024.02.10"]
[Round "10.1"]
[White "Mohammad Nubairshah Shaikh"]
[Black "Shawket Bin, Osman Shaon"]
[Result "1-0"]
[ECO "E17"]
[WhiteElo "2428"]
[BlackElo "2030"]
[Annotator "RC"]
[PlyCount "159"]
[EventDate "2024.02.01"]
[EventCountry "BAN"]
[SourceTitle "playchess.com"]
[Source "ChessBase"]
[SourceQuality "1"]
[TimeControl "40/5400+30:1800+30"]

1. Nf3 Nf6 2. g3 b6 3. c4 Bb7 4. Bg2 e6 5. O-O Be7 6. Nc3 O-O 7. Re1 d5 8. cxd5 exd5 9. d4 c5 10. Bf4 Nc6 11. Rc1 Rc8 12. Bh3 Ra8 13. Nb5 Ne8 14. Bg2 a6 15. Nc3 Nf6 16. dxc5 bxc5 17. Ne5 Nd4 18. Na4 Ne6 19. Be3 Qa5 20. Qc2 Rac8 21. Nc4 Qb5 22. Nc3 Qxc4 23. Nxd5 Bxd5 24. Qxc4 Bxc4 25. Rxc4 Rb8 26. b3 Rb4 27. Rec1 Rfb8 28. R4c2 Nd4 29. Rb2 a5 30. Bf4 Rc8 31. Bh3 Re8 32. e3 Ne6 33. Be5 a4 34. Bc3 Rbb8 35. bxa4 Nd5 36. Rxb8 Rxb8 37. Be5 Rb4 38. Bg2 Bf6 39. Bxd5 Bxe5 40. Bxe6 fxe6 41. Rxc5 Bb8 42. a5 Kf7 43. a6 Ra4 44. Rb5 Bd6 45. Rb6 Ke7 46. Rb7+ Kf6 47. Rb6 Bc5 48. Rc6 Ba7 49. Kg2 Rxa2 50. Kf3 Ra4 51. g4 h6 52. h4 Bb8 53. Rb6 Be5 54. Rb5 Ba1 55. g5+ hxg5 56. hxg5+ Ke7 57. Rb7+ Kd6 58. a7 Be5 59. Ke2 Kc6 60. Re7 Kd6 61. Rb7 Kc6 62. Re7 Kd5 63. Rd7+ Ke4 64. f3+ Kf5 65. f4 Ba1 66. Kf3 Ra3 67. Rf7+ Kg6 68. Rd7 e5 69. Kg4 Ra4 70. a8=Q Rxa8 71. f5+ Kh7 72. f6 e4 73. Rxg7+ Kh8 74. Re7 Ra5 75. Re8+ Kh7 76. f7 Bg7 77. f8=Q Bxf8 78. Rxf8 Kg6 79. Rf6+ Kg7 80. Re6 1-0